 Dungeon Crawl Stone Soup version 0.26-a0-778-g3fe0686644 (webtiles) character file.

Game seed: 4677756906654403762

10989 robertstho the Frost Mage (level 11, -4/83 HPs)
             Began as a Gnoll Ice Elementalist on Nov 9, 2020.
             Was an Elder of Sif Muna.
             Killed by mirror damage (8 damage)
             ... on level 12 of the Dungeon.
             The game lasted 00:27:07 (13131 turns).

robertstho the Frost Mage (Gnoll Ice Elementalist) Turns: 13131, Time: 00:27:08

Health: -4/83      AC:  6    Str: 11    XL:     11   Next: 70%
Magic:  12/23      EV: 17    Int: 21    God:    Sif Muna [****..]
Gold:   707        SH:  0    Dex: 15    Spells: 11/26 levels left

rFire    . . .     SeeInvis .   K - +2 hand axe of Income {venom, *Slow +Fly rN+}
rCold    . . .     Faith    .   (no shield)
rNeg     + . .     Spirit   .   H - +0 steam dragon scales
rPois    .         Reflect  .   (no helmet)
rElec    .         Harm     .   (no cloak)
rCorr    +         Rampage  .   (no gloves)
MR       .....                  (no boots)
Stlth    ++++......             (no amulet)
HPRegen  0.23/turn              k - ring of flight
MPRegen  0.18/turn              B - ring of resist corrosion

@: frozen ramparts
A: distributed training, fangs 1, strong nose
a: Channel Magic, Forget Spell, Divine Exegesis, Renounce Religion, Evoke Flight


You were on level 12 of the Dungeon.
You worshipped Sif Muna.
Sif Muna was greatly pleased with you.
You visited 1 branch of the dungeon, and saw 10 of its levels.
You also visited: Ossuary.

You collected 707 gold pieces.

Inventory:

Hand Weapons
 j - a +0 dagger of holy wrath
 o - a +1 morningstar of protection
 q - a +0 trident
 G - a +2 scimitar of flaming
 J - a +2 halberd of flaming
 K - the +2 hand axe of Income (weapon) {venom, *Slow +Fly rN+}
   (You found it on level 8 of the Dungeon)

   It poisons the flesh of those it strikes.
   It protects you from negative energy.
   It lets you fly.
   It may slow you when you take damage.
Missiles
 f - 3 curare-tipped darts
 l - 4 javelins (quivered)
Armour
 A - a +2 leather armour of poison resistance
 H - +0 steam dragon scales (worn)
Jewellery
 k - a ring of flight (left hand)
 B - a ring of resist corrosion (right hand)
Wands
 p - a wand of enslavement (11)
 s - a wand of flame (18)
 D - a wand of iceblast (10)
Scrolls
 a - a scroll of torment {unknown}
 d - 7 scrolls of remove curse
 m - a scroll of summoning {unknown}
 n - 4 scrolls of teleportation
 r - a scroll of enchant armour
 t - 3 scrolls of amnesia {unknown}
 u - a scroll of immolation
 x - 2 scrolls of magic mapping {unknown}
 y - 3 scrolls of fog {unknown}
 C - a scroll of identify
 F - 2 scrolls of blinking {unknown}
 I - a scroll of brand weapon {unknown}
Potions
 b - 5 potions of might
 c - 3 potions of attraction {unknown}
 g - 2 potions of curing {unknown}
 h - 4 potions of brilliance
 i - a potion of flight
 v - a potion of magic
 w - 3 potions of mutation
 z - 2 potions of lignification
 M - a potion of ambrosia


   Skills:
 + Level 6.5 Fighting
 + Level 6.5 Short Blades
 + Level 6.5 Long Blades
 + Level 6.5 Axes
 + Level 6.5 Maces & Flails
 + Level 6.5 Polearms
 + Level 6.5 Staves
 + Level 6.5 Slings
 + Level 6.5 Bows
 + Level 6.5 Crossbows
 + Level 6.5 Throwing
 + Level 6.5 Armour
 + Level 8.1 Dodging
 + Level 7.8 Stealth
 + Level 6.5 Shields
 + Level 6.5 Unarmed Combat
 + Level 8.3 Spellcasting
 + Level 5.4 Conjurations
 + Level 5.4 Hexes
 + Level 5.4 Summonings
 + Level 5.4 Necromancy
 + Level 5.4 Translocations
 + Level 5.4 Transmutations
 + Level 5.4 Fire Magic
 + Level 9.0 Ice Magic
 + Level 5.4 Air Magic
 + Level 5.4 Earth Magic
 + Level 5.4 Poison Magic
 + Level 7.2 Invocations
 + Level 6.5 Evocations


You had 11 spell levels left.
You knew the following spells:

 Your Spells              Type           Power        Failure   Level
a - Freeze                Ice            ####         1%          1
b - Frozen Ramparts       Ice            #####.       1%          3
c - Ozocubu's Armour      Ice            #####...     1%          3
d - Hailstorm             Conj/Ice       #####...     3%          4
e - Summon Ice Beast      Ice/Summ       #####...     3%          4

Your spell library contained the following spells:

 Spells                   Type           Power        Failure   Level
 Animate Skeleton         Necr           ####..       1%          1
 Pain                     Necr           ####         1%          1
 Summon Small Mammal      Summ           ####         1%          1
 Call Imp                 Summ           ####....     1%          2
 Call Canine Familiar     Summ           ####....     2%          3
 Confusing Touch          Hex            ####....     2%          3
 Gell's Gravitas          Tloc           ####......   2%          3
 Summon Guardian Golem    Hex/Summ       ####....     2%          3
 Vampiric Draining        Necr           ####......   2%          3
 Animate Dead             Necr           ####......   9%          4
 Petrify                  Tmut/Erth      ####....     9%          4
 Summon Lightning Spire   Summ/Air       ####....     9%          4
 Metabolic Englaciation   Hex/Ice        #####.....   11%         5
 Agony                    Necr           ####....     22%         5
 Yara's Violent Unravell  Hex/Tmut       ####......   22%         5


Dungeon Overview and Level Annotations

Branches:
Dungeon (12/15)            Temple (0/1) D:4            Lair (0/6) D:11
Ossuary (visited)
    Orc: D:9-12

Altars:
Ashenzari
Hepliaklqana
Makhleb
Okawaru
Sif Muna
Xom
Zin


Innate Abilities, Weirdness & Mutations

Your experience applies equally to all skills.
You have very sharp teeth.
Your uncanny sense of smell can sniff out nearby items.


Message History

Casting: Frozen Ramparts (safe; 1% risk of failure)
Confirm with . or Enter, or press ? or * to list all spells.
A chill wind blows around you.
The wall freezes the death knight!
The death knight reflects your damage back at you!
* * * LOW HITPOINT WARNING * * *
Unknown command.
The wall freezes the death knight.
The death knight reflects your damage back at you!
* * * LOW HITPOINT WARNING * * *
The ice beast hits your ice beast but does no damage.
Okay, then.
As you read the scroll of fear, it crumbles to dust.
You assume a fearsome visage.
The ice beast looks frightened!
The death knight looks frightened!
The wall freezes the death knight!
Your attack snaps the death knight out of its fear.
The death knight hits your ice beast with a +0 battleaxe!
The death knight hits you with a +0 battleaxe!
* * * LOW HITPOINT WARNING * * *
The death knight reflects your damage back at you!
You die...

####.###..#######.#.##.....#
#.#
#..............#.##.....###.#
######.........#..#...#.....#
#.........##.#...#...>.#
#.........##.#...#......
#.........##.#...#.....#
#..........#.....#.....#
##...YY....##.##.#.....#
#....Yp@...##.##.#.....#
#####.########.##....#.....#
#....l..# #.###...#.....†
#.......# ........#.....#
#..#Y#..# ..............#
#.......# ........#....##
#..p#.#.... .....(###...###
#..........> ......###...##.
#.. ......... ............<..


You could see a death knight (reflects damage, fleeing), an ice beast (fleeing)
and 2 friendly ice beasts.

Vanquished Creatures
  2 two-headed ogres
  Nergalle (D:11)
  A manticore (D:11)
  An ugly thing (D:11)
  A gargoyle (D:12)
  A komodo dragon (D:11)
  2 trolls (D:12)
  A polar bear (D:12)
  5 yaks (D:11)
  A basilisk (D:12)
  Duvessa (D:5)
  An orc warrior (D:11)
  An eye of draining (D:12)
  4 ice beasts
  3 wolves (D:12)
  2 ogres
  A black bear (D:7)
  3 centaurs
  A nameless horror (D:6)
  6 bullfrogs
  A water moccasin zombie (Ossuary)
  Dowan (D:5)
  A scorpion (D:5)
  A wight (D:7)
  4 killer bees (D:11)
  2 howler monkeys
  4 bullfrog zombies
  A jelly (D:6)
  3 quasits
  A gnoll shaman (D:8)
  2 centaur skeletons
  3 hounds
  3 orc priests
  A bullfrog skeleton (D:5)
  An iguana (D:5)
  10 orc wizards
  2 worker ants
  2 big kobold zombies (Ossuary)
  A hound skeleton (D:7)
  2 mummies (Ossuary)
  A howler monkey zombie (D:8)
  A worker ant zombie (D:8)
  4 gnolls (D:8)
  6 adders
  3 white imps
  An ooze (D:2)
  2 adder zombies (Ossuary)
  2 dart slugs (D:2)
  A leopard gecko (D:7)
  48 orcs
  4 bats
  6 giant cockroaches
  A gnoll zombie (Ossuary)
  10 goblins
  7 hobgoblins
  11 jackals
  3 quokkas
  7 frilled lizards
  A giant cockroach zombie (D:5)
  A goblin zombie (D:4)
  4 hobgoblin zombies (Ossuary)
  3 kobolds
  8 kobold zombies (Ossuary)
  A leopard gecko skeleton (D:4)
  3 orc zombies (Ossuary)
  2 quokka zombies (D:4)
  5 rats
231 creatures vanquished.

Vanquished Creatures (collateral kills)
  A hydra (D:12)
  An ugly thing (D:11)
  A manticore (D:11)
  A gargoyle (D:11)
  Maggie (D:6)
  A troll (D:12)
  3 centaur simulacra (D:12)
  2 wraiths (D:11)
  A fire elemental (D:12)
  A basilisk (D:12)
  A hell hound (D:12)
  A water moccasin (D:8)
  2 ice beasts (D:12)
  A phantom (D:12)
  2 ogres
  3 centaurs (D:12)
  A wyvern zombie (D:12)
  A water moccasin zombie (Ossuary)
  A scorpion (D:12)
  7 wights
  A howler monkey (D:12)
  An electric eel (D:12)
  A bullfrog zombie (D:12)
  2 orc priests
  2 centaur skeletons
  A worker ant (D:7)
  2 bullfrog simulacra (D:12)
  A big kobold zombie (Ossuary)
  A white imp (D:5)
  3 adder zombies (Ossuary)
  An orc (D:12)
  2 hobgoblin zombies (Ossuary)
  2 kobold zombies (Ossuary)
53 creatures vanquished.

Vanquished Creatures (others)
  A polar bear (D:12)
  6 plants (D:11)
7 creatures vanquished.

Grand Total: 291 creatures vanquished

Notes
Turn   | Place    | Note
-------+----------+-------------------------------------------
     0 | D:1      | robertstho the Gnoll Ice Elementalist began the quest for
                  | the Orb.
     0 | D:1      | Reached XP level 1. HP: 13/13 MP: 6/6
   320 | D:1      | Reached XP level 2. HP: 15/19 MP: 7/7
  1410 | D:2      | Reached skill level 5 in Spellcasting
  1410 | D:2      | Reached XP level 3. HP: 4/25 MP: 5/9
  1421 | D:2      | Learned a level 3 spell: Frozen Ramparts
  1425 | D:2      | Learned a level 3 spell: Ozocubu's Armour
  1899 | D:2      | Reached skill level 1 in Invocations
  2350 | D:3      | Reached skill level 1 in Fighting
  2350 | D:3      | Reached skill level 1 in Short Blades
  2350 | D:3      | Reached skill level 1 in Long Blades
  2350 | D:3      | Reached skill level 1 in Axes
  2350 | D:3      | Reached skill level 1 in Maces & Flails
  2350 | D:3      | Reached skill level 1 in Polearms
  2350 | D:3      | Reached skill level 1 in Staves
  2350 | D:3      | Reached skill level 1 in Slings
  2350 | D:3      | Reached skill level 1 in Bows
  2350 | D:3      | Reached skill level 1 in Crossbows
  2350 | D:3      | Reached skill level 1 in Throwing
  2350 | D:3      | Reached skill level 1 in Armour
  2350 | D:3      | Reached skill level 1 in Shields
  2350 | D:3      | Reached skill level 1 in Unarmed Combat
  2350 | D:3      | Reached skill level 1 in Evocations
  2350 | D:3      | Reached XP level 4. HP: 21/32 MP: 7/11
  2495 | D:3      | Reached skill level 1 in Conjurations
  2495 | D:3      | Reached skill level 1 in Hexes
  2495 | D:3      | Reached skill level 1 in Summonings
  2495 | D:3      | Reached skill level 1 in Necromancy
  2495 | D:3      | Reached skill level 1 in Translocations
  2495 | D:3      | Reached skill level 1 in Transmutations
  2495 | D:3      | Reached skill level 1 in Fire Magic
  2495 | D:3      | Reached skill level 1 in Air Magic
  2495 | D:3      | Reached skill level 1 in Earth Magic
  2495 | D:3      | Reached skill level 1 in Poison Magic
  2725 | D:3      | Reached XP level 5. HP: 37/37 MP: 8/12
  2804 | D:3      | Found a hazy altar of Hepliaklqana.
  2844 | D:3      | Found a burning altar of Makhleb.
  2845 | D:3      | Found a glowing silver altar of Zin.
  2846 | D:3      | Found a shimmering altar of Xom.
  2849 | D:3      | Found a shimmering blue altar of Sif Muna.
  2850 | D:3      | Found a broken altar of Ashenzari.
  2929 | D:3      | Became a worshipper of Sif Muna the Loreminder
  3253 | D:4      | Found a staircase to the Ecumenical Temple.
  3274 | D:4      | Reached XP level 6. HP: 25/44 MP: 5/13
  3387 | D:4      | Found an iron altar of Okawaru.
  3435 | D:4      | Found a sand-covered staircase.
  3442 | Ossuary  | Entered an ossuary
  3448 | Ossuary  | Learned a level 4 spell: Hailstorm
  3453 | Ossuary  | Learned a level 4 spell: Summon Ice Beast
  3459 | Ossuary  | Reached * piety under Sif Muna
  3459 | Ossuary  | Reached skill level 5 in Dodging
  3893 | Ossuary  | Reached XP level 7. HP: 17/50 MP: 11/15
  4692 | D:4      | Reached ** piety under Sif Muna
  4775 | D:5      | Entered Level 5 of the Dungeon
  4785 | D:5      | Noticed Dowan
  4792 | D:5      | Noticed Duvessa
  4799 | D:5      | Killed Dowan
  4802 | D:5      | Reached skill level 5 in Stealth
  4804 | D:5      | Killed Duvessa
  5083 | D:5      | Reached XP level 8. HP: 57/57 MP: 7/16
  5844 | D:5      | Found an iron altar of Okawaru.
  7119 | D:6      | Noticed Maggie
  7165 | D:6      | Killed Maggie
  7165 | D:6      | Reached XP level 9. HP: 18/65 MP: 2/18
  7731 | D:7      | Reached *** piety under Sif Muna
  7815 | D:7      | HP: 3/65 [wight/+4 great sword (5)]
  7856 | D:7      | Reached skill level 8 in Ice Magic
  8885 | D:8      | Got a translucent hand axe
  8885 | D:8      | Identified the +2 hand axe of Income {venom, *Slow +Fly
                  | rN+} (You found it on level 8 of the Dungeon)
  9103 | D:8      | Reached skill level 5 in Invocations
  9136 | D:8      | Reached **** piety under Sif Muna
  9151 | D:8      | You fall into a shaft and drop 3 floors!
  9151 | D:11     | Found a staircase to the Lair.
  9151 | D:11     | Noticed a komodo dragon
  9176 | D:11     | Killed a komodo dragon
  9205 | D:11     | Noticed a manticore
  9233 | D:11     | Killed a manticore
  9233 | D:11     | Reached XP level 10. HP: 24/73 MP: 1/20
  9478 | D:11     | Noticed a gargoyle
  9484 | D:11     | Killed a gargoyle
  9484 | D:11     | Reached skill level 5 in Fighting
  9484 | D:11     | Reached skill level 5 in Short Blades
  9484 | D:11     | Reached skill level 5 in Long Blades
  9484 | D:11     | Reached skill level 5 in Axes
  9484 | D:11     | Reached skill level 5 in Maces & Flails
  9484 | D:11     | Reached skill level 5 in Polearms
  9484 | D:11     | Reached skill level 5 in Staves
  9484 | D:11     | Reached skill level 5 in Slings
  9484 | D:11     | Reached skill level 5 in Bows
  9484 | D:11     | Reached skill level 5 in Crossbows
  9484 | D:11     | Reached skill level 5 in Throwing
  9484 | D:11     | Reached skill level 5 in Armour
  9484 | D:11     | Reached skill level 5 in Shields
  9484 | D:11     | Reached skill level 5 in Unarmed Combat
  9484 | D:11     | Reached skill level 5 in Evocations
  9821 | D:11     | Noticed a purple ugly thing
  9828 | D:11     | Killed a purple ugly thing
  9979 | D:11     | Noticed a two-headed ogre
  9991 | D:11     | Killed a two-headed ogre
 10060 | D:11     | Noticed a manticore
 10074 | D:11     | Killed a manticore
 10532 | D:11     | Noticed Nergalle
 10551 | D:11     | Killed Nergalle
 10551 | D:11     | Reached XP level 11. HP: 53/81 MP: 19/22
 10688 | D:11     | Noticed a brown ugly thing
 10702 | D:11     | Killed a brown ugly thing
 11083 | D:12     | Reached skill level 5 in Conjurations
 11083 | D:12     | Reached skill level 5 in Hexes
 11083 | D:12     | Reached skill level 5 in Summonings
 11083 | D:12     | Reached skill level 5 in Necromancy
 11083 | D:12     | Reached skill level 5 in Translocations
 11083 | D:12     | Reached skill level 5 in Transmutations
 11083 | D:12     | Reached skill level 5 in Fire Magic
 11083 | D:12     | Reached skill level 5 in Air Magic
 11083 | D:12     | Reached skill level 5 in Earth Magic
 11083 | D:12     | Reached skill level 5 in Poison Magic
 11352 | D:12     | Noticed a two-headed ogre
 11355 | D:12     | Noticed a two-headed ogre
 11969 | D:12     | Killed a two-headed ogre
 12116 | D:12     | Reached skill level 9 in Ice Magic
 12597 | D:12     | Noticed a four-headed hydra
 12605 | D:12     | Killed a four-headed hydra
 13115 | D:12     | Noticed a death knight
 13131 | D:12     | HP: 4/83 [death knight/+0 battleaxe (7)]
 13131 | D:12     | Killed by mirror damage

Illustrated notes

Levels and vault maps discovered:
D:1:      kilobyte_arrival_exit_the_forest, layout_basic
D:2:      layout_basic
D:3:      layout_rooms, minitemple
D:4:      layout_rooms, kennysheep_little_box, temple_statues, enter_ossuary_4,
          minmay_pentomino_pile
D:5:      layout_basic, basic_altar, serial_glass, glass_columns_b,
          glass_columns_a, uniq_duvessa
D:6:      layout_basic, uniq_maggie
D:7:      layout_rooms, kennysheep_diamond, hangedman_decor_peaks_small
D:8:      layout_basic
D:11:     layout_gridville, david_lair_shrubbed, dk_noncrumbling_2,
          uniq_nergalle
D:12:     layout_basic, serial_ice, serial_ice_m, serial_ice_b, serial_ice_i,
          serial_ice_h, portal_ice_cave_rime, uniq_azrael

Skill      XL: |  1  2  3  4  5  6  7  8  9 10 11 |
---------------+----------------------------------+-----
Spellcasting   | 5 6 7 8 |  8.3
Invocations    | 1 2 3 4 5 6 7 |  7.2
Fighting       | 1 2 3 4 5 6 |  6.5
Short Blades   | 1 2 3 4 5 6 |  6.5
Long Blades    | 1 2 3 4 5 6 |  6.5
Axes           | 1 2 3 4 5 6 |  6.5
Maces & Flails | 1 2 3 4 5 6 |  6.5
Polearms       | 1 2 3 4 5 6 |  6.5
Staves         | 1 2 3 4 5 6 |  6.5
Slings         | 1 2 3 4 5 6 |  6.5
Bows           | 1 2 3 4 5 6 |  6.5
Crossbows      | 1 2 3 4 5 6 |  6.5
Throwing       | 1 2 3 4 5 6 |  6.5
Armour         | 1 2 3 4 5 6 |  6.5
Shields        | 1 2 3 4 5 6 |  6.5
Unarmed Combat | 1 2 3 4 5 6 |  6.5
Evocations     | 1 2 3 4 5 6 |  6.5
Conjurations   | 1 2 3 4 5 |  5.4
Hexes          | 1 2 3 4 5 |  5.4
Summonings     | 1 2 3 4 5 |  5.4
Necromancy     | 1 2 3 4 5 |  5.4
Translocations | 1 2 3 4 5 |  5.4
Transmutations | 1 2 3 4 5 |  5.4
Fire Magic     | 1 2 3 4 5 |  5.4
Air Magic      | 1 2 3 4 5 |  5.4
Earth Magic    | 1 2 3 4 5 |  5.4
Poison Magic   | 1 2 3 4 5 |  5.4
Dodging        | 5 6 7 8 |  8.1
Stealth        | 5 6 7 |  7.8
Ice Magic      | 8 9 |  9.0

Action                   |  1- 3 |  4- 6 |  7- 9 | 10-12 || total
-------------------------+-------+-------+-------+-------++-------
Melee: Unarmed           |    74 |       |       |       ||    74
       Bite              |    10 |    13 |    25 |    14 ||    62
       Mace              |    15 |       |       |       ||    15
       Trident           |     7 |     5 |       |       ||    12
       Dagger            |       |   109 |    80 |       ||   189
       Hand axe          |       |     2 |    67 |   133 ||   202
       Short sword       |       |       |    74 |       ||    74
       Punch             |       |       |     2 |     3 ||     5
       Halberd           |       |       |     8 |       ||     8
 Cast: Freeze            |    28 |     2 |       |       ||    30
       Frozen Ramparts   |     1 |    16 |    45 |    29 ||    91
       Summon Ice Beast  |       |     4 |    28 |    60 ||    92
       Hailstorm         |       |     1 |     1 |     5 ||     7
Invok: Channel Magic     |       |       |     1 |     3 ||     4
Evoke: Wand              |       |       |       |     4 ||     4
  Use: Scroll            |     3 |     4 |     2 |     6 ||    15
       Potion            |       |     1 |     1 |     2 ||     4
 Stab: Sleeping          |    10 |     4 |    12 |     2 ||    28
       Distracted        |       |       |     1 |     2 ||     3
Armor: Robe              |    22 |    16 |     9 |       ||    47
       Leather armour    |       |       |    12 |       ||    12
       Steam dragon scal |       |       |    23 |    25 ||    48
Dodge: Dodged            |   113 |   121 |   175 |   176 ||   585

Table legend: (Time is in decaauts)
 A = Elapsed time spent in this place.
 B = Non-inter-level travel time spent in this place.
 C = Inter-level travel time spent in this place.
 D = Time resting spent in this place.
 E = Time spent auto-exploring this place.
 F = Levels seen in this place.
 G = Mean time per level.
                   A        B        C        D        E       F      G
               +--------+--------+--------+--------+--------+-----+--------+
         Total |  13138 |  12882 |    256 |   2416 |   7960 |  11 | 1194.4 |
       Dungeon |  12273 |  12017 |    256 |   2034 |   7706 |  10 | 1227.3 |
       Ossuary |    865 |    865 |      0 |    382 |    254 |   1 |  865.0 |
               +--------+--------+--------+--------+--------+-----+--------+

Top non-repeatable levels by time:
    D:11: 2495 daAuts
     D:6: 1678 daAuts
    D:12: 1505 daAuts
     D:1: 1386 daAuts
     D:5: 1230 daAuts
     D:2: 955 daAuts
     D:3: 883 daAuts
     D:7: 878 daAuts
 Ossuary: 865 daAuts
     D:4: 682 daAuts
     D:8: 577 daAuts
